 Dungeon Crawl Stone Soup version 0.28.0 (webtiles) character file.

Game seed: 6234491049777239925

95 Dorkslayer the Skirmisher (level 4, -1/35 HPs)
             Began as a Demonspawn Fighter on July 13, 2022.
             Killed by divine providence
             ... invoked by an orc priest
              (11 damage)
             ... on level 3 of the Dungeon.
             The game lasted 00:04:48 (1993 turns).

Dorkslayer the Skirmisher (Demonspawn Fighter)      Turns: 1993, Time: 00:04:49

Health: -1/35      AC:  6    Str: 19    XL:     4   Next: 40%
Magic:  4/4        EV: 15    Int:  9    God:
Gold:   145        SH:  4    Dex: 12    Spells: 3/3 levels left

rFire   . . .      SeeInvis .   a - +0 long sword
rCold   . . .      Faith    .   c - +0 buckler
rNeg    . . .      Spirit   .   b - +0 scale mail
rPois   .          Reflect  .   (no helmet)
rElec   .          Harm     .   (no cloak)
rCorr   .          Rampage  .   (no gloves)
Will    .....                   (no boots)
Stlth   ..........              (no amulet)
HPRegen 0.11/turn               f - +4 ring of evasion
MPRegen 0.09/turn               (no ring)

@: no status effects
A: repulsion field 1
a: no special abilities


You were on level 3 of the Dungeon.
You visited 1 branch of the dungeon, and saw 3 of its levels.

You collected 145 gold pieces.

Inventory:

Hand Weapons
 a - a +0 long sword (weapon)
Missiles
 k - 3 poisoned darts (quivered)
Armour
 b - a +0 scale mail (worn)
 c - a +0 buckler (worn)
Jewellery
 f - a +4 ring of evasion (left hand)
Scrolls
 e - 2 scrolls of vulnerability {unknown}
 g - 3 scrolls of blinking {unknown}
 j - a scroll of teleportation {unknown}
 n - 2 scrolls of identify {unknown}
Potions
 d - a potion of might
 h - a potion of curing {unknown}
 i - a potion of resistance {unknown}
 l - a potion of ambrosia {unknown}
 m - a potion of magic {unknown}
 o - a potion of haste {unknown}


   Skills:
 + Level 3.4 Fighting
 + Level 3.0 Long Blades
 + Level 3.2 Armour
 + Level 0.4 Dodging
 + Level 0.2 Stealth
 + Level 3.1 Shields


You had 3 spell levels left.
You didn't know any spells.
Your spell library contained the following spells:

 Spells                   Type           Power      Damage    Failure   Level
 Animate Skeleton         Necr           0%         N/A       85%         1
 Magic Dart               Conj           0%         1d3       85%         1
 Pain                     Necr           0%         1d4       85%         1
 Call Imp                 Summ           0%         N/A       94%         2
 Ensorcelled Hibernation  Hex/Ice        0%         N/A       94%         2
 Passwall                 Tmut/Erth      0%         N/A       94%         2
 Mephitic Cloud           Conj/Pois/Air  0%         N/A       99%         3
 Swiftness                Air            0%         N/A       99%         3
 Vampiric Draining        Necr           0%         2d6       99%         3


Dungeon Overview and Level Annotations

Branches:
Dungeon (3/15)

Altars:
Vehumet

Shops:
D:1 [*


Innate Abilities, Weirdness & Mutations

You are surrounded by a mild repulsion field. (EV +2)


Message History

The giant cockroach is severely wounded.
The giant cockroach closely misses you.
You hit the giant cockroach.
You kill the giant cockroach!
Your Long Blades skill increases to level 3!
o - a sedimented emerald potion A goblin comes into view.
It is wielding a +0 dagger.
The goblin shouts!
The goblin misses you.
You slash the goblin!
You kill the goblin!
n - 2 scrolls labelled NOAS HYKHIA (gained 1)
You now have 145 gold pieces (gained 17).
Things that are here:
a +0 dagger; a goblin corpse An orc priest comes into view.
It is wielding a +0 short sword.
The orc priest shouts!
An orc comes into view. It is wielding a +0 war axe.
The orc shouts!
An orc priest comes into view. It is wielding a +0 dagger.
The orc priest invokes the aid of Beogh against you.
Beogh smites you!
You hit the orc priest.
The orc priest is heavily wounded.
You block the orc priest's attack.
An orc priest comes into view.
It is wielding a +1 short sword of venom.
You slash the orc!
You kill the orc!
You slash the orc priest!
The orc priest is almost dead.
The orc priest mumbles some strange prayers to Beogh against you.
Beogh smites you! The orc priest closely misses you.
You hear a shout!
You hit the orc priest but do no damage.
The orc priest is almost dead.
The orc priest hits you with a +0 dagger.
* * * LOW HITPOINT WARNING * * *
The orc priest mumbles some strange prayers to Beogh against you.
Beogh smites you!
You die...

....# #.....######
###.####.###.##...#
.........# #......#
#....###.# #.##...#
#.....##.....###.##
.....######### #.#
..#..# ##.## ###..#
#...# #..# #.@o#
...# #.)o# # ..#
##o## #.# . #.# ...
#.# .... ..# ....
#.# ....


You could see 3 orc priests.

Vanquished Creatures
  3 adders (D:2)
  A worm (D:2)
  2 orcs (D:3)
  6 ball pythons
  5 endoplasms
  5 giant cockroaches
  6 goblins
  9 hobgoblins
  5 jackals
  3 kobolds
  3 quokkas
  5 bats
  2 frilled lizards
  2 rats (D:2)
57 creatures vanquished.

Vanquished Creatures (others)
  6 plants (D:1)
6 creatures vanquished.

Grand Total: 63 creatures vanquished

Notes
Turn   | Place    | Note
-------+----------+-------------------------------------------
     0 | D:1      | Dorkslayer the Demonspawn Fighter began the quest for the
                  | Orb.
     0 | D:1      | Reached XP level 1. HP: 18/18 MP: 1/1
   338 | D:1      | Gained mutation: You are surrounded by a mild repulsion
                  | field. (EV +2) [demonic ancestry]
   338 | D:1      | Reached XP level 2. HP: 24/24 MP: 2/2
   344 | D:1      | Found a faded altar of an unknown god.
   896 | D:1      | Found Ipsebich's General Store.
   904 | D:1      | Found Ohuanoek's Armour Shoppe.
  1086 | D:2      | Reached XP level 3. HP: 29/29 MP: 3/3
  1245 | D:2      | Reached XP level 4. HP: 33/35 MP: 4/4
  1355 | D:2      | Found a radiant altar of Vehumet.
  1993 | D:3      | Killed from afar by an orc priest

Illustrated notes

Levels and vault maps discovered:
D:1:      lightli_arrival_noodles, layout_basic, serial_shops, shop_statue,
          shop, chequers_ecumenical_altar_simple_redux, serial_bayou_lake_a
D:2:      layout_rooms, basic_altar
D:3:      layout_loops_corners

Skill      XL: |  1  2  3  4 |
---------------+-------------+-----
Long Blades    | 2 3 |  3.0
Shields        | 3 |  3.1
Armour         | 3 |  3.2
Fighting       | |  3.4
Dodging        | |  0.4
Stealth        | |  0.2

Action                   |  1- 3 |  4- 6 || total
-------------------------+-------+-------++-------
Melee: Long sword        |   132 |    53 ||   185
Throw: Dart              |       |     2 ||     2
Armor: Scale mail        |    46 |    18 ||    64
Dodge: Dodged            |   108 |    48 ||   156
Block: Buckler           |    32 |     7 ||    39
